TOP OF THE 1ST |
Charleston RiverDogs batting - Pitching for West Michigan Whitecaps : RHP Dave Valdez
|
Pitching: RHP Dave Valdez
|
|
Batting: RHB Jonathan Iniguez
|
0-0: Ball 1-0: Ball 2-0: Foul Ball, location: 2F 2-1: Swinging Strike 2-2: Strikes out swinging
|
Batting: SHB Corey Penson
|
0-0: Fly out, F8 (Flyball, 89D, EV 100.6 MPH)
|
Batting: LHB Justin O'Neal
|
0-0: Ball 1-0: Called Strike 1-1: SINGLE (Groundball, 6D, EV 101.9 MPH)
|
Batting: RHB Mike Zern
|
0-0: Ball Justin O'Neal steals 2nd base 1-0: SINGLE (Line Drive, 9, EV 96.9 MPH) Justin O'Neal to third Runner from 3rd tries for Home, SAFE, throw by RF to home
|
Batting: LHB Steve LeGrand
|
0-0: Called Strike 0-1: Ball 1-1: Ground out 4-3 (Groundball, 4M, EV 90.0 MPH)
|
Top of the 1st over - 1 run, 2 hits, 0 errors, 1 left on base; Charleston 1 - West Michigan 0 |
BOTTOM OF THE 1ST |
West Michigan Whitecaps batting - Pitching for Charleston RiverDogs : RHP Greg Ritchie
|
Pitching: RHP Greg Ritchie
|
|
Batting: LHB Dave Carlisle
|
0-0: Called Strike 0-1: Ball 1-1: Ball 2-1: Foul Ball, location: 2F 2-2: Foul Ball, location: 2F 2-2: Ball 3-2: Fly out, F7 (Flyball, 7D, EV 89.4 MPH)
|
Batting: LHB George Moran
|
0-0: Ground out U3 (Groundball, 3, EV 91.9 MPH)
|
Batting: LHB Jamie Christian
|
0-0: Foul Ball, location: 2F 0-1: SINGLE (Line Drive, 6MD, EV 105.6 MPH)
|
Batting: RHB Jon Goldstein
|
0-0: Ball 1-0: Foul Ball, location: 2F 1-1: Swinging Strike 1-2: Foul Ball, location: 2F 1-2: Fielders Choice at 2nd, 5-4 (Groundball, 5, EV 86.9 MPH)
|
Bottom of the 1st over - 0 runs, 1 hit, 0 errors, 1 left on base; Charleston 1 - West Michigan 0 |
TOP OF THE 2ND |
Charleston RiverDogs batting - Pitching for West Michigan Whitecaps : RHP Dave Valdez
|
Batting: RHB Bill Nguyen-Tan
|
0-0: Called Strike 0-1: Foul Ball, location: 2F 0-2: Ball 1-2: Fly out, F6 (Line Drive, 6M, EV 68.8 MPH)
|
Batting: LHB Dale Anderson
|
0-0: Ball 1-0: Called Strike 1-1: Ball 2-1: Called Strike 2-2: Foul Ball, location: 2F 2-2: Foul Ball, location: 2F 2-2: Foul Ball, location: 2F 2-2: Foul Ball, location: 2F 2-2: Hit by Pitch
|
Batting: RHB Nate Singleton
|
0-0: Called Strike 0-1: Ball 1-1: Ball 2-1: Ball 3-1: Foul Ball, location: 2F 3-2: Foul Ball, location: 2F 3-2: Foul Ball, location: 2F 3-2: Strikes out swinging
|
Batting: RHB Iften Olujimi
|
0-0: Called Strike 0-1: Foul Ball, location: 2F 0-2: Ball 1-2: Ball 2-2: Ball 3-2: Strikes out looking
|
Top of the 2nd over - 0 runs, 0 hits, 0 errors, 1 left on base; Charleston 1 - West Michigan 0 |
BOTTOM OF THE 2ND |
West Michigan Whitecaps batting - Pitching for Charleston RiverDogs : RHP Greg Ritchie
|
Batting: LHB Jon Pedlar
|
0-0: Called Strike 0-1: Foul Ball, location: 2F 0-2: Ball 1-2: DOUBLE (Line Drive, 78XD, EV 103.8 MPH)
|
Batting: RHB Joe Zimmerman
|
0-0: Called Strike 0-1: Ball 1-1: Foul Ball, location: 2F 1-2: Ball 2-2: Ball 3-2: Foul Ball, location: 2F 3-2: SINGLE (Line Drive, 34D, EV 96.2 MPH) Jon Pedlar to third
|
Batting: RHB Scott Carr
|
0-0: Ball Joe Zimmerman steals 2nd base 1-0: Foul Ball, location: 2F 1-1: Foul Ball, location: 2F 1-2: 3-RUN HOME RUN (Flyball, 78XD, EV 100.0 MPH), Distance : 405 ft
|
Batting: LHB Steve Herrera
|
0-0: Ground out 5-3 (Groundball, 56, EV 99.4 MPH)
|
Batting: RHB Yaremka Rzhevsky
|
0-0: Called Strike 0-1: Ball 1-1: Called Strike 1-2: Ball 2-2: Ball 3-2: SINGLE (Groundball, 56D, EV 98.8 MPH)
|
Batting: LHB Dave Carlisle
|
0-0: Called Strike Yaremka Rzhevsky steals 2nd base 0-1: Foul Ball, location: 2F 0-2: Ground out 5-3 (Groundball, 56S, EV 87.5 MPH)
|
Batting: LHB George Moran
|
0-0: Foul Ball, location: 2F 0-1: Called Strike 0-2: Strikes out swinging
|
Bottom of the 2nd over - 3 runs, 4 hits, 0 errors, 1 left on base; Charleston 1 - West Michigan 3 |
TOP OF THE 3RD |
Charleston RiverDogs batting - Pitching for West Michigan Whitecaps : RHP Dave Valdez
|
Batting: RHB Jonathan Iniguez
|
0-0: Ball 1-0: Called Strike 1-1: Swinging Strike 1-2: Ball 2-2: Strikes out swinging
|
Batting: SHB Corey Penson
|
0-0: Foul Ball, location: 2F 0-1: Ball 1-1: Foul Ball, location: 2F 1-2: Foul Ball, location: 2F 1-2: Strikes out swinging
|
Batting: LHB Justin O'Neal
|
0-0: Foul Ball, location: 2F 0-1: Called Strike 0-2: Ball 1-2: Foul Ball, location: 2F 1-2: Strikes out swinging
|
Top of the 3rd over - 0 runs, 0 hits, 0 errors, 0 left on base; Charleston 1 - West Michigan 3 |
BOTTOM OF THE 3RD |
West Michigan Whitecaps batting - Pitching for Charleston RiverDogs : RHP Greg Ritchie
|
Batting: LHB Jamie Christian
|
0-0: Ball 1-0: Ground out 4-3 (Groundball, 4, EV 104.4 MPH)
|
Batting: RHB Jon Goldstein
|
0-0: Ball 1-0: Called Strike 1-1: Ground out 5-3 (Groundball, 5, EV 83.1 MPH)
|
Batting: LHB Jon Pedlar
|
0-0: Ball 1-0: Swinging Strike 1-1: Called Strike 1-2: Strikes out swinging
|
Bottom of the 3rd over - 0 runs, 0 hits, 0 errors, 0 left on base; Charleston 1 - West Michigan 3 |
TOP OF THE 4TH |
Charleston RiverDogs batting - Pitching for West Michigan Whitecaps : RHP Dave Valdez
|
Batting: RHB Mike Zern
|
0-0: Called Strike 0-1: Called Strike 0-2: Ball 1-2: Foul Ball, location: 2F 1-2: Foul Ball, location: 2F 1-2: Ball 2-2: Ball 3-2: Base on Balls
|
Batting: LHB Steve LeGrand
|
0-0: Ball 1-0: Foul Ball, location: 7LSF, Error on foul ball, E7 1-1: Ball 2-1: Swinging Strike 2-2: Strikes out swinging
|
Batting: RHB Bill Nguyen-Tan
|
0-0: Foul Ball, location: 2F 0-1: Ball 1-1: Ball 2-1: Fielders Choice at 2nd, 4-6 (Groundball, 4MS, EV 90.6 MPH)
|
Batting: LHB Dale Anderson
|
0-0: Called Strike Bill Nguyen-Tan is caught stealing 2nd base 2-6
|
Top of the 4th over - 0 runs, 0 hits, 1 error, 0 left on base; Charleston 1 - West Michigan 3 |
BOTTOM OF THE 4TH |
West Michigan Whitecaps batting - Pitching for Charleston RiverDogs : RHP Greg Ritchie
|
Batting: RHB Joe Zimmerman
|
0-0: Foul Ball, location: 2F 0-1: Called Strike 0-2: Ground out 5-3 (Groundball, 56S, EV 91.2 MPH)
|
Batting: RHB Scott Carr
|
0-0: Ball 1-0: Foul Ball, location: 2F 1-1: Ball 2-1: Foul Ball, location: 2F 2-2: Ball 3-2: Foul Ball, location: 2F 3-2: SINGLE (Line Drive, 5D, EV 99.4 MPH)
|
Batting: LHB Steve Herrera
|
0-0: Ball 1-0: Ball 2-0: Foul Ball, location: 2F 2-1: Called Strike 2-2: Foul Ball, location: 2F 2-2: Fly out, F7 (Flyball, 78S, EV 88.1 MPH)
|
Batting: RHB Yaremka Rzhevsky
|
0-0: Ball Scott Carr steals 2nd base 1-0: Called Strike 1-1: Foul Ball, location: 2F 1-2: DOUBLE (Groundball, 5L, EV 98.1 MPH) Scott Carr scores
|
Batting: LHB Dave Carlisle
|
0-0: Ball 1-0: Called Strike 1-1: Swinging Strike 1-2: Ball 2-2: SINGLE (Groundball, 3D, EV 103.8 MPH) Yaremka Rzhevsky to third Runner from 3rd tries for Home, SAFE, throw by RF to home
|
Pitching: RHP Mike Pickens
|
|
Batting: LHB George Moran
|
0-0: Called Strike Dave Carlisle is caught stealing 2nd base 2-6
|
Bottom of the 4th over - 2 runs, 3 hits, 0 errors, 0 left on base; Charleston 1 - West Michigan 5 |
TOP OF THE 5TH |
Charleston RiverDogs batting - Pitching for West Michigan Whitecaps : RHP Dave Valdez
|
Batting: LHB Dale Anderson
|
0-0: Foul Ball, location: 2F 0-1: Foul Ball, location: 2F 0-2: Foul Ball, location: 2F 0-2: Ball 1-2: Ball 2-2: Foul Ball, location: 2F 2-2: Foul Ball, location: 2F 2-2: Foul Ball, location: 2F 2-2: Foul Ball, location: 2F 2-2: Ball 3-2: Foul Ball, location: 2F 3-2: Strikes out swinging
|
Batting: RHB Nate Singleton
|
0-0: Called Strike 0-1: Foul Ball, location: 2F 0-2: Ball 1-2: Strikes out swinging
|
Batting: RHB Iften Olujimi
|
0-0: Called Strike 0-1: Foul Ball, location: 2F 0-2: Ball 1-2: Foul Ball, location: 2F 1-2: Ball 2-2: Foul Ball, location: 2F 2-2: Ball 3-2: Ground out 5-3 (Groundball, 56, EV 85.6 MPH)
|
Top of the 5th over - 0 runs, 0 hits, 0 errors, 0 left on base; Charleston 1 - West Michigan 5 |
BOTTOM OF THE 5TH |
West Michigan Whitecaps batting - Pitching for Charleston RiverDogs : RHP Mike Pickens
|
Batting: LHB George Moran
|
0-0: Ball 1-0: Ball 2-0: Ball 3-0: Base on Balls
|
Batting: LHB Jamie Christian
|
0-0: Ball 1-0: Ball George Moran is caught stealing 2nd base 2-6 2-0: Foul Ball, location: 2F 2-1: Foul Ball, location: 2F 2-2: Foul Ball, location: 2F 2-2: Strikes out swinging
|
Batting: RHB Jon Goldstein
|
0-0: Ball 1-0: Ball 2-0: Ball 3-0: Called Strike 3-1: Called Strike 3-2: Foul Ball, location: 2F 3-2: Foul Ball, location: 2F 3-2: Strikes out swinging
|
Bottom of the 5th over - 0 runs, 0 hits, 0 errors, 0 left on base; Charleston 1 - West Michigan 5 |
TOP OF THE 6TH |
Charleston RiverDogs batting - Pitching for West Michigan Whitecaps : RHP Dave Valdez
|
Pitching: LHP Chris Thomas
|
|
Batting: RHB Jonathan Iniguez
|
0-0: Swinging Strike 0-1: Ball 1-1: Foul Ball, location: 2F 1-2: Strikes out swinging
|
Batting: SHB Corey Penson
|
0-0: Ball 1-0: Foul Ball, location: 2F 1-1: Ball 2-1: Foul Ball, location: 2F 2-2: Foul Ball, location: 2F 2-2: Reached on error, E5 (Groundball, 56, EV 83.8 MPH)
|
Batting: LHB Justin O'Neal
|
0-0: Ball 1-0: Called Strike 1-1: 2-RUN HOME RUN (Flyball, 78XD, EV 106.9 MPH), Distance : 415 ft
|
Batting: RHB Mike Zern
|
0-0: Ball 1-0: SINGLE (Line Drive, 89S, EV 101.9 MPH)
|
Batting: LHB Steve LeGrand
|
0-0: Ball 1-0: Ball 2-0: Ball 3-0: Called Strike 3-1: Foul Ball, location: 2F 3-2: Strikes out swinging
|
Batting: RHB Bill Nguyen-Tan
|
0-0: Ball 1-0: Called Strike Mike Zern is caught stealing 2nd base 2-4
|
Top of the 6th over - 2 runs, 2 hits, 1 error, 0 left on base; Charleston 3 - West Michigan 5 |
BOTTOM OF THE 6TH |
West Michigan Whitecaps batting - Pitching for Charleston RiverDogs : RHP Mike Pickens
|
Batting: LHB Jon Pedlar
|
0-0: Ball 1-0: Ball 2-0: Fly out, F8 (Line Drive, 8RM, EV 95.0 MPH)
|
Batting: RHB Joe Zimmerman
|
0-0: Called Strike 0-1: Swinging Strike 0-2: Ball 1-2: Foul Ball, location: 2F 1-2: Fly out, F9 (Flyball, 89D, EV 97.5 MPH)
|
Batting: RHB Scott Carr
|
0-0: Ball 1-0: Called Strike 1-1: Foul Ball, location: 2F 1-2: Ball 2-2: Ball 3-2: Base on Balls
|
Batting: LHB Steve Herrera
|
0-0: Called Strike Scott Carr is caught stealing 2nd base 2-6
|
Bottom of the 6th over - 0 runs, 0 hits, 0 errors, 0 left on base; Charleston 3 - West Michigan 5 |
TOP OF THE 7TH |
Charleston RiverDogs batting - Pitching for West Michigan Whitecaps : LHP Chris Thomas
|
Pitching: RHP Jorge Castaneda
|
|
Batting: RHB Bill Nguyen-Tan
|
0-0: Ball 1-0: Ball 2-0: Ball 3-0: Base on Balls
|
Batting: LHB Dale Anderson
|
0-0: Ball 1-0: Foul Ball, location: 2F 1-1: Swinging Strike 1-2: Ball 2-2: Ball 3-2: Grounds into double play, 4-6-3 (Groundball, 4, EV 101.9 MPH)
|
Batting: RHB Nate Singleton
|
0-0: Ground out 4-3 (Groundball, 4M, EV 81.2 MPH)
|
Top of the 7th over - 0 runs, 0 hits, 0 errors, 0 left on base; Charleston 3 - West Michigan 5 |
BOTTOM OF THE 7TH |
West Michigan Whitecaps batting - Pitching for Charleston RiverDogs : RHP Mike Pickens
|
Batting: LHB Steve Herrera
|
0-0: Called Strike 0-1: Ball 1-1: Foul Ball, location: 2F 1-2: Strikes out swinging
|
Batting: RHB Yaremka Rzhevsky
|
0-0: Called Strike 0-1: Swinging Strike 0-2: Ball 1-2: Strikes out swinging
|
Batting: LHB Dave Carlisle
|
0-0: Called Strike 0-1: Ball 1-1: Foul Ball, location: 2F 1-2: Ball 2-2: Fly out, F8 (Flyball, 8RM, EV 73.8 MPH)
|
Bottom of the 7th over - 0 runs, 0 hits, 0 errors, 0 left on base; Charleston 3 - West Michigan 5 |
TOP OF THE 8TH |
Charleston RiverDogs batting - Pitching for West Michigan Whitecaps : RHP Jorge Castaneda
|
Pitching: LHP Jesse Turner
|
|
Batting: RHB Iften Olujimi
|
0-0: Swinging Strike 0-1: Called Strike 0-2: Ball 1-2: Foul Ball, location: 2F 1-2: Strikes out swinging
|
Batting: RHB Jonathan Iniguez
|
0-0: Ball 1-0: Foul Ball, location: 2F 1-1: Ball 2-1: Foul Ball, location: 2F 2-2: Foul Ball, location: 2F 2-2: Strikes out looking
|
Batting: SHB Corey Penson
|
0-0: Called Strike 0-1: Ground out 6-3 (Groundball, 6, EV 85.0 MPH)
|
Top of the 8th over - 0 runs, 0 hits, 0 errors, 0 left on base; Charleston 3 - West Michigan 5 |
BOTTOM OF THE 8TH |
West Michigan Whitecaps batting - Pitching for Charleston RiverDogs : RHP Mike Pickens
|
Pitching: LHP Ferrie Werkhoven
|
|
Batting: LHB George Moran
|
0-0: Foul Ball, location: 2F 0-1: Swinging Strike 0-2: Ball 1-2: Ball 2-2: Foul Ball, location: 2F 2-2: Foul Ball, location: 2F 2-2: DOUBLE (Line Drive, 8LXD, EV 102.5 MPH)
|
Batting: LHB Jamie Christian
|
0-0: Called Strike 0-1: Called Strike 0-2: Strikes out looking
|
Batting: RHB Jon Goldstein
|
0-0: Intentional Walk
|
Batting: LHB Jon Pedlar
|
0-0: Swinging Strike 0-1: Ball 1-1: Ball 2-1: Called Strike 2-2: Ground out 6-3 (Groundball, P, EV 85.6 MPH) George Moran to third Jon Goldstein to second
|
Batting: RHB Joe Zimmerman
|
0-0: DOUBLE (Line Drive, 7LM, EV 110.6 MPH) George Moran scores Jon Goldstein scores
|
Batting: RHB Scott Carr
|
0-0: Intentional Walk
|
Batting: LHB Steve Herrera
|
0-0: Foul Ball, location: 2F 0-1: Called Strike 0-2: SINGLE (Groundball, 34D, EV 100.6 MPH) Joe Zimmerman to third Scott Carr to second Runner from 3rd tries for Home, SAFE, throw by RF to home Scott Carr to third Steve Herrera to second
|
Pitching: LHP Alex Pulido
|
|
Batting: RHB Yaremka Rzhevsky
|
0-0: Called Strike 0-1: Ball 1-1: Foul Ball, location: 2F 1-2: Ball 2-2: Foul Ball, location: 2F 2-2: Ball 3-2: Base on Balls
|
Batting: LHB Dave Carlisle
|
0-0: Foul Ball, location: 2F 0-1: Ball 1-1: Ball 2-1: Foul Ball, location: 2F 2-2: Ball 3-2: Fly out, F7 (Flyball, 7, EV 86.9 MPH)
|
Bottom of the 8th over - 3 runs, 3 hits, 0 errors, 3 left on base; Charleston 3 - West Michigan 8 |
TOP OF THE 9TH |
Charleston RiverDogs batting - Pitching for West Michigan Whitecaps : LHP Jesse Turner
|
Batting: LHB Justin O'Neal
|
0-0: Foul Ball, location: 2F 0-1: Ball 1-1: Swinging Strike 1-2: Hit by Pitch
|
Batting: RHB Mike Zern
|
0-0: Called Strike 0-1: Called Strike 0-2: Strikes out looking
|
Batting: LHB Steve LeGrand
|
0-0: Ball 1-0: Swinging Strike 1-1: Grounds into double play, 4-6-3 (Groundball, 4M, EV 99.4 MPH)
|
Top of the 9th over - 0 runs, 0 hits, 0 errors, 0 left on base; Charleston 3 - West Michigan 8 |
|